 Dungeon Crawl Stone Soup version 0.31-a0-819-gf6de2f5ab6 (webtiles) character file.

Game seed: 17326813260295589625

53 Shayle the Grave Robber (level 3, -3/33 HPs)
             Began as an Ogre Hexslinger on Sept 24, 2023.
             Slain by an iguana (11 damage)
             ... on level 4 of the Dungeon.
             The game lasted 00:02:04 (991 turns).

Shayle the Grave Robber (Ogre Hexslinger)            Turns: 991, Time: 00:02:05

Health: -3/33      AC:  3    Str: 12    XL:     3   Next: 89%
Magic:  4/4        EV: 10    Int: 16    God:
Gold:   48         SH:  0    Dex: 11    Spells: 4/4 levels left

rFire   . . .        a - +1 sling
rCold   . . .        (no shield)
rNeg    . . .        c - +0 robe
rPois   .            (helmet restricted)
rElec   .            (no cloak)
rCorr   .            (gloves unavailable)
SInv    .            (boots unavailable)
Will    .....        g - amulet of the acrobat
Stlth   +            (no ring)
HPRegen 0.25/turn    (no ring)
MPRegen 0.09/turn

%: acrobat
@: mighty
A: large, unfitting armour, tough skin 1
a: no special abilities


You were on level 4 of the Dungeon.
You visited 1 branch of the dungeon, and saw 6 of its levels.

You collected 48 gold pieces.

Inventory:

Hand Weapons
 a - a +1 sling (weapon)
Armour
 c - a +0 robe (worn)
Jewellery
 g - an amulet of the acrobat (around neck)
Scrolls
 b - a scroll of poison
 f - a scroll of teleportation {unknown}
Potions
 e - a potion of curing {unknown}


   Skills:
 - Level 1.3 Fighting
 - Level 1.3 Ranged Weapons
 - Level 1.7 Dodging
 - Level 1.2 Spellcasting
 - Level 2.6 Hexes
 + Level 3.0 Necromancy
 - Level 0.8 Fire Magic


You had 4 spell levels left.
You didn't know any spells.
Your spell library contained the following spells:

 Spells                   Type           Power      Damage    Failure   Level
 Jinxbite                 Hex            18%        N/A       12%         2
 Sigil of Binding         Hex            9%         N/A       22%         3
 Inner Flame              Hex/Fire       6%         N/A       32%         3
 Cause Fear               Hex            4%         N/A       58%         4
 Dimensional Bullseye     Hex/Tloc       2%         N/A       78%         4
 Flame Wave               Conj/Fire      2%         2d4       88%         4
 Sticky Flame             Conj/Fire      2%         2d3       88%         4


Dungeon Overview and Level Annotations

Branches:
Dungeon (6/15)
 Temple: D:4-7

Altars:

Annotations:
D:2 Terence


Innate Abilities, Weirdness & Mutations

You are too large for most types of armour.
You have tough skin. (AC +1)


Message History

Found a scroll labelled GYGE ZON YNGUSK and 6 stones.
There is a stone staircase leading down here.
An adder comes into view.
The adder hisses angrily.
The adder moves out of view.
You see here a scroll labelled GYGE ZON YNGUSK.
The iguana attacks as it pursues you! The iguana completely misses you.
You shoot a sling bullet.
The sling bullet closely misses the iguana.
The sling bullet hits the adder.
The adder is lightly wounded.
The iguana bites you. The iguana bites you!
You shoot a sling bullet.
The sling bullet closely misses the iguana.
The sling bullet misses the adder.
The sling bullet barely misses the adder.
The iguana closely misses you.
You shoot a sling bullet. The sling bullet hits the iguana.
The iguana is lightly wounded.
The iguana barely misses you.
It was a potion of might.
You feel very mighty all of a sudden. The iguana misses you.
You shoot a sling bullet. The sling bullet hits the iguana.
The iguana is moderately wounded.
The iguana barely misses you. The iguana closely misses you.
You shoot a sling bullet.
The sling bullet hits the iguana but does no damage.
The iguana is moderately wounded.
The iguana bites you.
You shoot a sling bullet.
The sling bullet completely misses the iguana.
The sling bullet hits the adder.
The adder is moderately wounded.
The iguana bites you!
* * * LOW HITPOINT WARNING * * *
You shoot a sling bullet. The sling bullet hits the iguana!
The iguana is severely wounded.
The iguana bites you!
You die...

##.# #. ##.
....# #..
(#.### #.#
..... #
#.##.#.#
#.###S#.....
#..@lS.#.#.#...
#####5#>.....#
#..#.#.###
###......#
#.#.#.# ##...
..# .# .#


You could see an iguana, 2 adders and a shadow imp.

Vanquished Creatures
  An orc priest (D:3)
  A dart slug (D:1)
  2 bats (D:1)
  2 endoplasms
  2 giant cockroaches (D:1)
  2 hobgoblins (D:1)
  2 quokkas (D:1)
  4 ball pythons
  A frilled lizard (D:2)
  A goblin (D:1)
  3 kobolds
  2 rats (D:2)
23 creatures vanquished.

Notes
Turn   | Place    | Note
-------+----------+-------------------------------------------
     0 | D:1      | Shayle the Ogre Hexslinger began the quest for the Orb.
     0 | D:1      | Reached XP level 1. HP: 19/19 MP: 2/2
   185 | D:1      | Reached skill level 1 in Necromancy
   189 | D:1      | Reached XP level 2. HP: 27/27 MP: 3/3
   280 | D:1      | Reached skill level 2 in Necromancy
   824 | D:2      | Reached XP level 3. HP: 33/33 MP: 4/4
   843 | D:2      | Noticed Terence
   860 | D:3      | Reached skill level 3 in Necromancy
   879 | D:3      | You fall into a shaft and drop 3 floors!
   973 | D:5      | Entered Level 5 of the Dungeon
   991 | D:4      | Slain by an iguana

Illustrated notes

Levels and vault maps discovered:
D:1:      minmay_arrival_four_loops, layout_basic, serial_aquarium,
          aquarium_bridge_long_separate [aquarium_subvault_bridge,
          aquarium_subvault_bridge, aquarium_subvault_wall,
          aquarium_subvault_bridge, aquarium_subvault_window,
          aquarium_subvault_window], aquarium_bridge_straight
          [aquarium_subvault_bridge, aquarium_subvault_window,
          aquarium_subvault_bridge, aquarium_subvault_wall],
          aquarium_window_fake, aquarium_window_2, aquarium_window_1,
          aquarium_view_2b, aquarium_view_2d, aquarium_balcony_5b
D:2:      layout_rooms, uniq_terence
D:3:      layout_basic, grunt_gozag_breadcrumbs
D:4:      layout_loops_cross, grunt_temple_overflow_open, ashenzari_altar_1,
          st_stairs_13
D:5:      layout_rooms, gammafunk_ghost_necromancy, nicolae_figureground_pulse
D:6:      layout_basic, fedhas_bush_and_centaur_altar, hangedman_decor_lopped,
          minmay_fire_ice_demons

Skill      XL: |  1  2  3 |
---------------+----------+-----
Necromancy     | 1 2 3 |  3.0
Fighting       | |  1.3
Ranged Weapons | |  1.3
Dodging        | |  1.7
Spellcasting   | |  1.2
Hexes          | |  2.6
Fire Magic     | |  0.8

Action                     || total
---------------------------++-------
   Fire: Sling             ||    82
    Use: Potion            ||     1
 Armour: Robe              ||    22
  Dodge: Dodged            ||    23

Table legend: (Time is in decaauts)
 A = Elapsed time spent in this place.
 B = Non-inter-level travel time spent in this place.
 C = Inter-level travel time spent in this place.
 D = Time resting spent in this place.
 E = Time spent auto-exploring this place.
 F = Levels seen in this place.
 G = Mean time per level.
                   A        B        C        D        E       F      G
               +--------+--------+--------+--------+--------+-----+--------+
         Total |   1017 |    984 |     33 |      0 |    723 |   6 |  169.5 |
       Dungeon |   1017 |    984 |     33 |      0 |    723 |   6 |  169.5 |
               +--------+--------+--------+--------+--------+-----+--------+

Top non-repeatable levels by time:
     D:1: 728 daAuts
     D:2: 150 daAuts
     D:6: 93 daAuts
     D:3: 25 daAuts
     D:4: 13 daAuts
     D:5: 5 daAuts
